 Dungeon Crawl Stone Soup version 0.19.1-1-g22dce08 (webtiles) character file.

105 Nakatomy the Conjurer (level 4, -11/24 HPs)
             Began as a Deep Elf Conjurer on Dec 30, 2016.
             Mangled by Oxelix's ghost (13 damage)
             ... on level 3 of the Dungeon.
             The game lasted 00:07:29 (3134 turns).

Nakatomy the Conjurer (Deep Elf Conjurer)           Turns: 3134, Time: 00:07:30

Health: -11/24     AC:  2    Str:  5    XL:     4   Next: 54%
Magic:  9/12       EV: 13    Int: 21    God:
Gold:   100        SH:  0    Dex: 15    Spells: 2 memorised, 8 levels left

rFire  . . .     SeeInvis .     k - +0 dagger
rCold  . . .     Gourm    .     a - +0 robe
rNeg   . . .     Faith    .     (no shield)
rPois  .         Spirit   .     (no helmet)
rElec  .         Reflect  .     (no cloak)
rCorr  .         Harm     .     (no gloves)
MR     .....                    (no boots)
Stlth  ++........               (no amulet)
                                (no ring)
                                (no ring)

@: very slightly contaminated
A: no striking features
a: no special abilities


You were on level 3 of the Dungeon.
You were not hungry.

You visited 1 branch of the dungeon, and saw 3 of its levels.

You collected 100 gold pieces.

Inventory:

Hand Weapons
 k - a +0 dagger (weapon)
Armour
 a - a +0 robe (worn)
Scrolls
 e - a scroll of immolation {unknown}
 g - 6 scrolls of remove curse {unknown}
 h - a scroll of identify {unknown}
 i - a scroll of recharging {unknown}
 m - a scroll of magic mapping {unknown}
 q - a scroll of fog {unknown}
 r - a scroll of teleportation {unknown}
 s - a scroll of noise {unknown}
Potions
 d - a potion of invisibility {unknown}
 l - 2 potions of curing {unknown}
 n - a potion of brilliance {unknown}
 o - a potion of flight {unknown}
 p - a potion of heal wounds {unknown}
Books
 b - a book of Conjurations

   Spells                             Type                      Level
   a - Magic Dart                     Conjuration                  1
   b - Searing Ray                    Conjuration                  2
   c - Dazzling Spray                 Conjuration/Hexes            3
   d - Fulminant Prism                Conjuration/Hexes            4
   e - Iskenderun's Mystic Blast      Conjuration                  4
   f - Iskenderun's Battlesphere      Conjuration/Charms           5
Comestibles
 c - 2 bread rations
 f - 2 slices of pizza
 j - a beef jerky
 t - 5 chunks of flesh


   Skills:
 - Level 2.4 Dodging
 - Level 2.4 Stealth
 + Level 4.4 Spellcasting
 * Level 5.9 Conjurations


You had 8 spell levels left.
You knew the following spells:

 Your Spells              Type           Power        Failure   Level  Hunger
a - Magic Dart            Conj           ####         1%          1    None
b - Searing Ray           Conj           ####..       1%          2    #......


Dungeon Overview and Level Annotations

Branches:
Dungeon (3/15)

Altars:
Okawaru

Annotations:
D:3 Oxelix's ghost, amateur TrBe


Message History

Aiming: Magic Dart
Press: ? - help, Shift-Dir - straight line, f - Oxelix's ghost
Aim: Oxelix's ghost The magic dart hits Oxelix's ghost.
Oxelix's ghost is lightly damaged.
Casting: Magic Dart
Confirm with . or Enter, or press ? or * to list all spells.
Aiming: Searing Ray
Press: ? - help, Shift-Dir - straight line, f/p - Oxelix's ghost
Aim: Oxelix's ghost (lightly damaged)
You miscast Searing Ray.
You are very lightly contaminated with residual magic.
Strange energies run through your body. Oxelix's ghost hits you!
Oxelix's ghost hits you!
Ouch! That really hurt!
* * * LOW HITPOINT WARNING * * *
Oxelix's ghost hits you!
Ouch! That really hurt!
You die...

.+.......+....#
#.......#
.#.......#######
#.#######
...(.....+.....# #.#
.........#####.# #.#
.(##+##### #.# #.#
..##.### #(# #.#
.......#######.# #.#
............##.###.#
##.....####+#..W@#.#
##..............#)#
#...#########..#.#
##..#...#...#.##.#
####+รท#.#.#.#.#.##.#
....>.#.#.#.#.#.+..#
......#.#.#.#.#..###
......#.#.#.#.#.##
......#.#.#.#.#.#


You could see Oxelix's ghost.

Vanquished Creatures
  5 adders
  2 worms (D:2)
  A dart slug (D:3)
  A leopard gecko (D:2)
  2 orcs (D:3)
  3 bats
  3 giant cockroaches
  6 goblins
  8 hobgoblins
  7 kobolds
  A quokka (D:3)
  A ball python (D:3)
  3 frilled lizards
  7 rats
50 creatures vanquished.

Notes
Turn   | Place    | Note
-------+----------+-------------------------------------------
     0 | D:1      | Nakatomy the Deep Elf Conjurer began the quest for the Orb.
     0 | D:1      | Reached XP level 1. HP: 10/10 MP: 6/6
   142 | D:1      | You fall through a shaft!
   638 | D:1      | Reached XP level 2. HP: 15/15 MP: 5/8
   998 | D:1      | Learned a level 2 spell: Searing Ray
  1438 | D:2      | Reached skill level 5 in Conjurations
  1452 | D:2      | Reached XP level 3. HP: 13/19 MP: 2/10
  2601 | D:3      | Reached XP level 4. HP: 24/24 MP: 10/12
  2676 | D:3      | Noticed Oxelix's ghost (amateur TrBe)
  2775 | D:3      | Found an iron altar of Okawaru.
  3134 | D:3      | Mangled by Oxelix's ghost

Skill      XL: |  1  2  3 |
---------------+----------+-----
Conjurations   | 5 |  5.9
Spellcasting   | 4 |  4.4
Dodging        | |  2.4
Stealth        | |  2.4

Action                   |  1- 3 |  4- 6 || total
-------------------------+-------+-------++-------
Melee: Dagger            |     1 |       ||     1
 Cast: Magic Dart        |    67 |    21 ||    88
       Searing Ray       |     5 |     1 ||     6
  Eat: Chunk             |     5 |     2 ||     7
Dodge: Dodged            |     6 |       ||     6
